AoeStats
← schmeno

QS Arena

503193786Analyzed
2v2 RM · 1mo ago on Aug 30, 2026· 52m 44s· 4 players
Game mode
Random Map
Map size
Medium (4 player)
Population
200
Speed
Normal
Resources
Standard
Victory
Conquest
Starting age
Dark Age
Ending age
Imperial Age
RankedLock teamsTeams togetherTeam positionsShared explorationLock speedFull tech treeHidden civsTurbo modeCheats
Victory
Defeat
🇺🇸 Maya · United States
1210
+15
🇺🇸 Saracens · United States
1139
+18
🇩🇪 Muisca · Germany
1211
-18
🇩🇪 Teutons · Germany
1172
-16
schmeno
7:51 Feudal Age
9:01 Loom
11:58 Castle Age
10:40 Double-Bit Axe
11:28 Horse Collar
12:54 Bow Saw
19:36 Gold Mining
19:47 Heavy Plow
22:40 Wheelbarrow
22:48 Stone Mining
25:52 Fletching
28:44 Imperial Age
27:08 Bodkin Arrow
28:44 Scale Barding Armor
29:20 Hand Cart
29:28 Forging
30:51 Chemistry
30:55 Chain Barding Armor
31:12 Iron Casting
32:44 Plate Barding Armor
32:54 Gold Shaft Mining
33:54 Blast Furnace
32:29 Onager
33:35 Bimaristan
33:55 Bloodlines
33:47 Husbandry
33:30 Light Cavalry
34:56 Siege Engineers
34:41 Hussar
35:49 Counterweights
36:15 Conscription
37:10 Siege Onager
39:58 Hoardings
40:45 Sanctity
40:38 Fervor
40:45 Block Printing
45:47 Illumination
44:52 Elite Mameluke
46:33 Ballistics
46:18 Bracer
46:44 Fortified Wall
46:31 Murder Holes
r smothers
1:53 Loom
9:10 Feudal Age
10:51 Double-Bit Axe
13:07 Castle Age
10:59 Horse Collar
14:02 Bow Saw
13:54 Heavy Plow
15:21 Squires
15:18 Eagle Warrior
16:32 Scale Mail Armor
19:59 Fletching
21:59 Crossbowman
25:43 Town Watch
28:27 Bodkin Arrow
28:45 Gold Mining
30:53 Wheelbarrow
30:39 Masonry
31:36 Ballistics
35:14 Imperial Age
34:25 Thumb Ring
34:22 Padded Archer Armor
35:24 Leather Archer Armor
35:22 Fortified Wall
36:19 Conscription
35:26 Elite Eagle Warrior
38:32 Holcans
38:37 Chain Mail Armor
38:33 Forging
40:25 Hand Cart
40:11 Town Patrol
41:03 Plate Mail Armor
41:37 Iron Casting
41:45 Elite Plumed Archer
42:28 Bracer
43:23 Ring Archer Armor
44:12 Blast Furnace
43:32 Arson
45:16 Chemistry
44:57 Pikeman
46:56 Halberdier
Rindsau
8:03 Feudal Age
13:16 Castle Age
12:04 Loom
12:15 Double-Bit Axe
13:14 Horse Collar
15:13 Scale Barding Armor
28:44 Gold Mining
29:55 Heavy Plow
30:09 Bow Saw
30:34 Fletching
33:27 Imperial Age
32:15 Wheelbarrow
33:07 Bodkin Arrow
34:48 Hoardings
34:57 Crop Rotation
35:06 Masonry
35:27 Conscription
39:20 Ballistics
39:18 Bloodlines
39:40 Hand Cart
39:37 Fortified Wall
41:02 Chemistry
39:55 Stone Mining
39:28 Cavalier
40:32 Chain Barding Armor
40:23 Forging
40:32 Siege Engineers
41:54 Plate Barding Armor
42:26 Paladin
43:59 Iron Casting
49:34 Blast Furnace
49:03 Elite Skirmisher
51:30 Padded Archer Armor
51:31 Town Watch
52:36 Leather Archer Armor
Mayor Meanswell
8:11 Feudal Age
6:28 Loom
11:47 Castle Age
9:39 Double-Bit Axe
10:47 Horse Collar
12:42 Bow Saw
14:22 Gold Mining
20:58 Devotion
30:18 Imperial Age
27:34 Town Watch
28:40 Fletching
28:51 Padded Archer Armor
29:20 Bodkin Arrow
30:18 Wheelbarrow
30:16 Masonry
30:35 Leather Archer Armor
32:19 Hand Cart
34:53 Bracer
35:12 Forging
35:02 Scale Mail Armor
35:26 Heavy Plow
36:31 Two-Man Saw
36:10 Gold Shaft Mining
37:05 Iron Casting
38:38 Chain Mail Armor
39:23 Hoardings
38:54 Herbalism
38:17 Champi Runner
39:00 Squires
39:38 Crop Rotation
39:17 Stone Mining
39:04 Champi Warrior
39:38 Pikeman
39:56 Elite Champi Warrior
44:35 Elite Temple Guard
49:34 Capped Ram
Connection lost

Rejoining the realm…

Still unreachable

The connection could not be restored.

Session expired

The server has moved on; the page needs a fresh start.